 Dungeon Crawl Stone Soup version 0.27-a0-1325-g58a489ad9e (webtiles) character file.

Game seed: 11550764657654481760

1071 puppykicker the Sneak (level 8, 0/58 HPs)
             Began as a Vampire Arcane Marksman on June 24, 2021.
             Was an Initiate of Dithmenos.
             Slain by a black bear (5 damage)
             ... on level 5 of the Dungeon.
             The game lasted 00:15:21 (4180 turns).

puppykicker the Sneak (Vampire Arcane Marksman)     Turns: 4180, Time: 00:15:21

Health: 0/58       AC:  4    Str:  9    XL:     8   Next: 7%
Magic:  2/9        EV: 14    Int: 15    God:    Dithmenos [......]
Gold:   232        SH:  4    Dex: 23    Spells: 6/9 levels left

rFire    + . .     SeeInvis +   a - +0 shortbow
rCold    . . .     Faith    .   (shield currently unavailable)
rNeg     + . .     Spirit   .   d - +0 robe
rPois    .         Reflect  .   (no helmet)
rElec    .         Harm     .   j - +1 cloak
rCorr    .         Rampage  .   (no gloves)
Will     .....     Clarity  +   (no boots)
Stlth    +++.......             (no amulet)
HPRegen  0.39/turn              z - +6 ring of dexterity
MPRegen  0.11/turn              N - ring of positive energy {rN+}

@: unable to read, healing quickly, hasted, very quick
A: alive, fangs 3, see invisible, vampiric 2, large bone plates 1, clarity, fire
resistance 1, inability to read while threatened
a: Exsanguinate, Renounce Religion


You were on level 5 of the Dungeon.
You worshipped Dithmenos.
Dithmenos was noncommittal.
You visited 2 branches of the dungeon, and saw 6 of its levels.

You collected 232 gold pieces.

Inventory:

Hand Weapons
 a - a +0 shortbow (weapon)
 b - a +1 rapier of flaming
 u - a +0 dagger
 w - a +0 long sword
Missiles
 m - a throwing net
 o - 2 poisoned darts
 Q - 65 arrows (quivered ammo)
Armour
 d - a +0 robe (worn)
 j - a +1 cloak (worn)
Jewellery
 z - a +6 ring of dexterity (left hand)
 N - a ring of positive energy (right hand) {rN+}
Wands
 C - a wand of mindburst (15)
Scrolls
 h - a scroll of holy word {unknown}
 n - a scroll of identify {unknown}
 q - 2 scrolls of noise {!r}
 r - a scroll of amnesia {unknown}
 s - a scroll of summoning
 t - 3 scrolls of teleportation
 x - a scroll of fog {unknown}
 y - a scroll of fear {unknown}
 A - a scroll of blinking {unknown}
 B - 2 scrolls of immolation {unknown}
Potions
 c - a potion of curing {unknown}
 f - 2 potions of berserk rage {unknown}
 g - a potion of lignification {unknown}
 i - a potion of brilliance {unknown}
 k - a potion of mutation {!q}
 l - 2 potions of heal wounds {unknown}
 p - a potion of ambrosia
 v - a potion of attraction {unknown}
 D - a potion of cancellation {unknown}


   Skills:
 + Level 3.2 Fighting
 + Level 3.8(4.7) Short Blades
 * Level 3.6(4.3) Long Blades
 + Level 4.4 Bows
 + Level 1.2 Armour
 + Level 3.0 Dodging
 + Level 5.3 Stealth
 - Level 1.0 Spellcasting
 - Level 4.4 Hexes


You had 6 spell levels left.
You knew the following spells:

 Your Spells              Type           Power      Damage    Failure   Level
a - Corona                Hex            14%        N/A       4%          1
s - Slow                  Hex            13%        N/A       6%          2

Your spell library contained the following spells:

 Spells                   Type           Power      Damage    Failure   Level
 Shock                    Conj/Air       0%         1d3       24%         1
 Inner Flame              Hex/Fire       7%         N/A       30%         3
 Portal Projectile        Hex/Tloc       14%        N/A       30%         3
 Static Discharge         Conj/Air       0%         N/A       36%         2
 Cause Fear               Hex            6%         N/A       38%         4
 Swiftness                Air            0%         N/A       58%         3
 Leda's Liquefaction      Hex/Erth       3%         N/A       69%         4
 Airstrike                Air            0%         N/A       94%         4
 Lightning Bolt           Conj/Air       0%         1d11      100%        5


Dungeon Overview and Level Annotations

Branches:
Dungeon (5/15)             Temple (1/1) D:4

Altars:
Ashenzari
Cheibriados
Dithmenos
Elyvilon
Hepliaklqana
Kikubaaqudgha
Makhleb
Okawaru
Qazlal
Sif Muna
Vehumet
Xom
Yredelemnul


Innate Abilities, Weirdness & Mutations

Your natural rate of healing is accelerated.
You have razor-sharp teeth.
You have supernaturally acute eyesight. (SInv)
You are afflicted with vampirism and can become a bat while bloodless.
You are partially covered in large bone plates. (SH +4)
You possess an exceptional clarity of mind.
Your flesh is heat resistant. (rF+)
You sometimes lose the ability to read scrolls when taking damage.


Message History

The arrow hits the black bear but does no damage.
Fire: 66 arrows
Press: ? - help, Q - select action, (/) - cycle Shift-Dir - straight line, f/p - black bear
Aim: a black bear (heavily wounded, 72% to hit)
You shoot an arrow. The arrow hits the black bear!
The black bear goes berserk!
Casting: Slow (safe; 6% risk of failure)
Aiming: Slow (safe; 6% risk of failure)
Press: ? - help, Shift-Dir - straight line, f/p - black bear
Aim: a black bear (almost dead, berserk, chance to affect: 50%)
The black bear resists with some effort.
* * * LOW MAGIC WARNING * * *
The black bear bites you! The black bear closely misses you.
The black bear barely misses you. The black bear bites you.
You feel threatened and lose the ability to read scrolls!
The black bear claws you.
* * * LOW HITPOINT WARNING * * *
The black bear claws you but does no damage.
You take 21 damage, and have 27/58 hp.
MASSIVE DAMAGE!!
You now have 1/9 mp.
The black bear bites you!
* * * LOW HITPOINT WARNING * * *
The black bear claws you but does no damage. x2
You take 12 damage, and have 15/58 hp.
MASSIVE DAMAGE!!
You cannot read scrolls in your current state!
Unknown command.
You feel yourself speed up. The black bear bites you!
* * * LOW HITPOINT WARNING * * *
The black bear closely misses you.
The black bear claws you but does no damage.
You take 9 damage, and have 6/58 hp.
Unknown command.
The black bear rages.
The black bear rages.
The black bear bites you.
* * * LOW HITPOINT WARNING * * *
The black bear claws you.
You die...

####.##...รท.#..........
#.....###.###..........
###.....# #.###..........
#.......# #..###........#
#.......# ##.# ##.......#
#.......# #.##########.#
#...##.## #...[....###..
#...##.######........##..
#...##..@h...............
#...########.............
#..<# #.............
#...# #.............
#...# #.......<((((.
##### ##............
##........##..
#..........#..
#..........#>.


You could see a black bear (berserk).

Levels and vault maps discovered:
D:1:      minmay_arrival_doors, layout_rooms,
          hellmonk_ecumenical_altar_pennies_from_heaven,
          chequers_serial_rivers_micro_e
D:2:      layout_basic, basic_altar, chequers_serial_rivers_micro_a,
          hangedman_abyss_or_decor_lesser_grid
D:3:      layout_loops_ring, minmay_joined_circles
D:4:      layout_basic, temple_statues, grunt_ministairs_9, uniq_eustachio,
          uniq_edmund
D:5:      layout_rooms
Temple:   dshaligram_water_room_temple

Notes
Turn   | Place    | Note
-------+----------+-------------------------------------------
     0 | D:1      | puppykicker the Vampire Arcane Marksman began the quest for
                  | the Orb.
     0 | D:1      | Reached XP level 1. HP: 14/14 MP: 2/2
    89 | D:1      | Reached skill level 2 in Bows
   128 | D:1      | Reached XP level 2. HP: 20/20 MP: 3/3
   131 | D:1      | Learned a level 2 spell: Slow
   131 | D:1      | Identified a +0 short sword
   135 | D:1      | Identified a +0 club
   147 | D:1      | Identified a +0 shortbow
   300 | D:1      | Identified a +0 ring mail
   366 | D:1      | Reached skill level 1 in Fighting
   371 | D:1      | Found a faded altar of an unknown god.
   396 | D:1      | Identified a +0 dagger
   508 | D:1      | Identified a +0 short sword
   705 | D:2      | Found an iron altar of Okawaru.
   719 | D:2      | Identified a +1 cloak
   737 | D:2      | Identified a +0 scale mail
   750 | D:2      | Identified a +0 robe
   754 | D:2      | Identified a +0 whip
   756 | D:2      | Identified a +3 short sword
   768 | D:2      | Gained mutation: You are afflicted with vampirism and can
                  | become a bat while bloodless. [Vampire growth]
   768 | D:2      | Reached XP level 3. HP: 20/26 MP: 4/4
   770 | D:2      | Reached skill level 1 in Stealth
   831 | D:2      | Identified a +0 dagger
   862 | D:2      | Reached skill level 1 in Short Blades
   912 | D:2      | Identified a +0 tower shield
   951 | D:2      | Identified a +0 short sword
   990 | D:2      | Identified a +0 short sword
  1321 | D:2      | Identified a +0 dagger
  1321 | D:2      | Identified a +0 hunting sling
  1322 | D:2      | Identified a +0 dagger
  1369 | D:2      | Reached XP level 4. HP: 16/32 MP: 5/5
  1470 | D:2      | Identified a +0 short sword
  1547 | D:3      | Noticed a scorpion
  1553 | D:3      | Killed a scorpion
  1554 | D:3      | Reached skill level 3 in Bows
  1554 | D:3      | Reached skill level 2 in Stealth
  1558 | D:3      | Identified a +0 short sword
  1582 | D:3      | Identified a +0 short sword
  1582 | D:3      | Identified a +0 ring mail
  1582 | D:3      | Identified a +0 club
  1583 | D:3      | Identified a +0 dagger
  1586 | D:3      | Identified a +0 dagger
  1593 | D:3      | Identified a +0 dagger
  1658 | D:3      | Reached XP level 5. HP: 29/38 MP: 6/6
  1688 | D:3      | Identified a +0 club
  1717 | D:3      | Identified a +0 mace
  1760 | D:3      | Identified a +0 dagger
  1760 | D:3      | Identified a +0 chain mail
  1761 | D:3      | Identified 2 scrolls of summoning
  1762 | D:3      | Identified 2 scrolls of noise
  1763 | D:3      | Identified 2 scrolls of teleportation
  1801 | D:3      | Identified a +0 short sword
  1958 | D:3      | Identified a +0 dagger
  1982 | D:3      | Reached skill level 2 in Short Blades
  1990 | D:3      | Identified a +0 flail
  2020 | D:3      | Reached skill level 2 in Fighting
  2046 | D:3      | Identified a +0 club
  2060 | D:3      | Identified a +0 whip
  2092 | D:3      | Identified a +0 long sword
  2227 | D:3      | Reached skill level 3 in Stealth
  2238 | D:3      | Identified a +0 leather armour
  2291 | D:3      | Identified a +0 ring mail
  2454 | D:4      | Identified a +0 club
  2454 | D:4      | Identified a +1 rapier of flaming
  2454 | D:4      | Identified a +0 leather armour
  2454 | D:4      | Noticed Eustachio
  2454 | D:4      | Identified a +0 hand axe
  2454 | D:4      | Identified a +0 leather armour
  2668 | D:4      | Identified a +0 mace
  2693 | D:4      | Identified a +6 ring of dexterity
  2703 | D:4      | Found a staircase to the Ecumenical Temple.
  2708 | D:4      | Noticed a black bear
  2711 | Temple   | Entered the Ecumenical Temple
  2807 | Temple   | Became a worshipper of Dithmenos the Shadowed
  2850 | D:4      | Killed a black bear
  2851 | D:4      | Reached skill level 1 in Long Blades
  2851 | D:4      | Reached XP level 6. HP: 23/45 MP: 5/7
  3058 | D:4      | Identified a +6 flail of protection
  3058 | D:4      | Identified a +0 scale mail
  3058 | D:4      | Noticed Edmund
  3094 | D:4      | Killed Edmund
  3095 | D:4      | Reached skill level 4 in Bows
  3095 | D:4      | Reached skill level 4 in Stealth
  3126 | D:4      | Identified a +0 ring mail
  3157 | D:4      | Identified a +0 club
  3166 | D:4      | Identified a ring of positive energy
  3253 | D:4      | Identified a +0 club
  3253 | D:4      | Identified a +0 ring mail
  3289 | D:3      | Identified 2 potions of haste
  3291 | D:3      | Identified 2 potions of mutation
  3291 | D:3      | Gained mutation: You sometimes lose the ability to read
                  | scrolls when taking damage. [potion of mutation]
  3291 | D:3      | Gained mutation: Your flesh is heat resistant. (rF+)
                  | [potion of mutation]
  3291 | D:3      | Gained mutation: You possess an exceptional clarity of
                  | mind. [potion of mutation]
  3291 | D:3      | Gained mutation: You are partially covered in large bone
                  | plates. (SH +4) [potion of mutation]
  3294 | D:3      | Identified 2 potions of ambrosia
  3330 | D:3      | Killed Eustachio
  3331 | D:3      | Reached skill level 3 in Short Blades
  3331 | D:3      | Reached skill level 2 in Long Blades
  3331 | D:3      | Reached XP level 7. HP: 38/51 MP: 5/8
  3411 | D:4      | Identified a +0 dagger
  3411 | D:4      | Identified a +0 robe
  3411 | D:4      | Identified a +0 whip
  3411 | D:4      | Identified a +0 whip
  3413 | D:4      | Identified a +0 short sword
  3532 | D:5      | Entered Level 5 of the Dungeon
  3681 | D:5      | Identified a +0 giant club
  3695 | D:4      | Reached skill level 3 in Fighting
  3695 | D:4      | Reached skill level 3 in Long Blades
  3785 | D:4      | Reached * piety under Dithmenos
  3786 | D:4      | Reached skill level 1 in Armour
  3786 | D:4      | Reached skill level 5 in Stealth
  3944 | D:4      | Reached XP level 8. HP: 30/58 MP: 1/9
  4136 | D:5      | Reached skill level 3 in Dodging
  4147 | D:5      | Identified a +0 club
  4170 | D:5      | HP: 6/58 [black bear (10)]
  4180 | D:5      | HP: 5/58 [black bear (3)]
  4180 | D:5      | Slain by a black bear

Table legend: (Time is in decaauts)
 A = Elapsed time spent in this place.
 B = Non-inter-level travel time spent in this place.
 C = Inter-level travel time spent in this place.
 D = Time resting spent in this place.
 E = Time spent auto-exploring this place.
 F = Levels seen in this place.
 G = Mean time per level.
                   A        B        C        D        E       F      G
               +--------+--------+--------+--------+--------+-----+--------+
         Total |   4185 |   3983 |    202 |    492 |   2210 |   6 |  697.5 |
       Dungeon |   4075 |   3873 |    202 |    492 |   2153 |   5 |  815.0 |
        Temple |    109 |    109 |      0 |      0 |     57 |   1 |  109.0 |
               +--------+--------+--------+--------+--------+-----+--------+

Top non-repeatable levels by time:
     D:3: 1165 daAuts
     D:4: 1033 daAuts
     D:2: 874 daAuts
     D:1: 694 daAuts
     D:5: 308 daAuts
  Temple: 109 daAuts

Table legend:
 A = Kills in this place as a percentage of kills in entire the game.
 B = Kills by you in this place as a percentage of kills by you in the entire game.
 C = Kills by friends in this place as a percentage of kills by friends in the entire game.
 D = Other kills in this place as a percentage of other kills in the entire game.
 E = Experience gained in this place as a percentage of experience gained in the entire game.
 F = Experience gained in this place divided by the number of levels of this place that you have seen.
                   A       B       C       D       E      F
               +-------+-------+-------+-------+-------+----------------------
         Total | 100.0 | 100.0 |   N/A |   N/A | 100.0 | 255.2
       Dungeon | 100.0 | 100.0 |   N/A |   N/A | 100.0 | 306.2
               +-------+-------+-------+-------+-------+----------------------

Skill      XL: |  1  2  3  4  5  6  7  8 |
---------------+-------------------------+-----
Bows           | 2 3 4 |  4.4
Fighting       | 1 2 3 |  3.2
Stealth        | 1 2 3 4 5 |  5.3
Short Blades   | 1 2 3 |  3.8
Long Blades    | 1 2 3 |  3.6
Armour         | 1 |  1.2
Dodging        | 3 |  3.0
Spellcasting   | |  1.0
Hexes          | |  4.4

Action                   |  1- 3 |  4- 6 |  7- 9 || total
-------------------------+-------+-------+-------++-------
Melee: Short sword       |    45 |    83 |       ||   128
       Bite              |     5 |     6 |    10 ||    21
       Dagger            |       |     2 |       ||     2
       Long sword        |       |    17 |       ||    17
       Rapier            |       |       |    51 ||    51
 Fire: Shortbow          |   100 |    22 |    14 ||   136
Throw: Dart              |     7 |    63 |    22 ||    92
       Throwing net      |       |     2 |       ||     2
 Cast: Corona            |     1 |     6 |     6 ||    13
       Slow              |     1 |     7 |    18 ||    26
  Use: Scroll            |       |     3 |       ||     3
       Potion            |       |     3 |     1 ||     4
 Stab: Sleeping          |       |     7 |     1 ||     8
Armor: Robe              |    31 |    31 |    29 ||    91
Dodge: Dodged            |    52 |    92 |    65 ||   209
Block: Other             |       |     7 |    25 ||    32
       Rpst.: Long sword |       |     8 |       ||     8

Vanquished Creatures
  Eustachio (D:3)
  Edmund (D:4)
  A water moccasin (D:4)
  2 black bears (D:4)
  An ogre (D:4)
  2 scorpions
  A jelly (D:5)
  A centaur skeleton (D:5)
  3 iguanas
  An orc wizard (D:4)
  5 adders
  3 gnolls (D:3)
  A white imp (D:3)
  An adder skeleton (D:4)
  2 worms (D:2)
  2 dart slugs
  9 orcs
  8 ball pythons
  11 bats
  4 endoplasms
  4 giant cockroaches
  5 goblins
  A hobgoblin (D:3)
  6 jackals
  13 kobolds
  3 quokkas
  3 frilled lizards
  5 rats
100 creatures vanquished.
